 Dungeon Crawl Stone Soup version 0.22-a0-247-gbddf880757 (webtiles) character file.

9463 Peterchen the Severer (level 11, -8/82 HPs)
             Began as a Minotaur Berserker on Feb 25, 2018.
             Was a High Priest of Trog.
             Shot with a bolt by a yaktaur captain (27 damage)
             ... on level 10 of the Dungeon.
             The game lasted 00:23:32 (9878 turns).

Peterchen the Severer (Minotaur Berserker)          Turns: 9878, Time: 00:23:32

Health: -8/82      AC:  1    Str: 26    XL:     11   Next: 23%
Magic:  10/10      EV:  9    Int:  4    God:    Trog [*****.]
Gold:   456        SH:  0    Dex: 12    Spells: 10/10 levels left

rFire    . . .     SeeInvis .   z - +4 battleaxe (flame)
rCold    . . .     Gourm    .   (shield currently unavailable)
rNeg     . . .     Faith    .   r - +0 chain mail
rPois    .         Spirit   .   (helmet restricted)
rElec    .         Reflect  .   t - +0 cloak {+Inv}
rCorr    .         Harm     .   (no gloves)
MR       .....                  (no boots)
Stlth    ..........             (no amulet)
HPRegen  0.23/turn              v - +3 ring of dexterity
MPRegen  0.12/turn              (no ring)

@: corroded, berserk cooldown, slowed, very slow
A: retaliatory headbutt, horns 2
a: Berserk, Trog's Hand, Brothers in Arms, Renounce Religion, Evoke Invisibility


You were on level 10 of the Dungeon.
You worshipped Trog.
Trog was extremely pleased with you.
You were near starving.

You visited 1 branch of the dungeon, and saw 12 of its levels.

You collected 456 gold pieces.

Inventory:

Hand Weapons
 z - a +4 battleaxe of flaming (weapon)
Missiles
 s - 7 javelins of penetration (quivered)
Armour
 r - a +0 chain mail (worn)
 t - a +0 cloak of invisibility (worn)
 y - a +0 pair of boots
Jewellery
 v - a +3 ring of dexterity (left hand)
Wands
 k - a wand of digging (13)
 E - a wand of random effects (30)
Scrolls
 a - 4 scrolls of remove curse
 f - 2 scrolls of identify
 h - 3 scrolls of fog
 i - 9 scrolls of teleportation
 l - 3 scrolls of enchant armour
 n - a scroll of blinking
 o - a scroll of enchant weapon
Potions
 d - a potion of agility {unknown}
 e - 3 potions of curing {unknown}
 j - 4 potions of lignification {unknown}
 p - a potion of magic {unknown}
 u - 2 potions of brilliance {unknown}
 w - a potion of ambrosia {unknown}
 x - a potion of mutation {unknown}
 D - a potion of heal wounds {unknown}
Miscellaneous
 B - a lamp of fire
Comestibles
 c - 33 rations


   Skills:
 - Level 3.6 Fighting
 * Level 19.3 Axes
 - Level 2.4 Armour
 - Level 2.1 Dodging


You had 10 spell levels left.
You didn't know any spells.

Dungeon Overview and Level Annotations

Branches:
Dungeon (12/15)            Temple (0/1) D:5            Lair (0/6) D:9
    Orc (0/2) D:9

Altars:
Ashenzari
Cheibriados
Kikubaaqudgha
Nemelex Xobeh
Okawaru
Qazlal
Ru
Uskayaw
Vehumet
Wu Jian
Yredelemnul
The Shining One

Shops:
D:6 *

Portals:
Trove: D:10 (give 23 scrolls of identify)


Innate Abilities, Weirdness & Mutations

You reflexively headbutt those who attack you in melee.
You have a pair of horns on your head.


Message History

You slice the jelly!! You burn the jelly.
You feel the power of Trog in you as your rage grows.
You kill the jelly!
Trog accepts your kill.
The deep elf archer moves out of view.
The yaktaur captain wields an arbalest.
The yaktaur captain shoots a bolt.
The bolt hits you!!
* * * LOW HITPOINT WARNING * * *
You hear a croak.
There is an open door, spattered with blood here.
You see here a bolt.
You feel a strong urge to attack something.
You can't go down here!
You slam the door shut with a bang, pushing everything out of the way!
You are no longer berserk.
You are exhausted.
You feel yourself slow down.
There is an open door here.
A yaktaur captain opens the door.
The yaktaur captain shoots a bolt.
The bolt hits you!!
You die...

#.............#############
#..########'#.# #..#..#
#..#.# #..#.c' #..#.#
##.##c# #'##.# #.#..#
#..#.# #.#..# #..#.#
#.##c####)##.#
#.#..'(.'@.#.#############
#.#..#..#.[#..............
#.##########..############
#.............#
####.#..####### #...##
#.###
#.#####################
#......................


You could see a yaktaur captain.

Vanquished Creatures
  2 two-headed ogres
  Pikel (D:5)
  The ghost of Peterchen the Cleaver, a novice MiBe of Trog (D:7)
  Joseph (D:8)
  A gargoyle (D:10)
  A troll (D:12)
  A hornet (D:11)
  4 hippogriffs
  A vampire (D:6)
  A steam dragon (D:10)
  A hungry ghost (D:11)
  2 wargs (D:9)
  A water moccasin (D:10)
  4 orc warriors
  4 ice beasts
  2 sky beasts (D:10)
  3 phantoms
  A black bear (D:7)
  4 ogres
  2 crocodiles (D:10)
  A big kobold (D:12)
  5 bullfrogs
  3 wyvern skeletons
  2 scorpions (D:8)
  14 killer bees
  3 wights (D:6)
  4 howler monkeys
  2 centaur zombies
  2 jellies
  4 hounds
  14 orc wizards
  Crazy Yiuf (D:7)
  A bullfrog skeleton (D:10)
  7 orc priests
  Jessica (D:2)
  5 iguanas
  5 worker ants
  A killer bee zombie (D:8)
  A worker ant zombie (D:8)
  Robin (D:2)
  4 gnolls (D:4)
  A howler monkey skeleton (D:4)
  16 adders
  3 worms
  6 dart slugs
  5 leopard geckos
  49 orcs
  8 bats
  5 giant cockroaches
  13 goblins
  10 hobgoblins
  A jackal (D:10)
  4 quokkas
  2 ball pythons
  4 frilled lizards
  A jackal skeleton (D:4)
  12 kobolds
  A quokka skeleton (D:3)
  5 rats
265 creatures vanquished.

Vanquished Creatures (others)
  An orc (D:5)
  A giant cockroach (D:5)
2 creatures vanquished.

Grand Total: 267 creatures vanquished

Notes
Turn   | Place    | Note
-------+----------+-------------------------------------------
     0 | D:1      | Peterchen the Minotaur Berserker began the quest for the Orb.
     0 | D:1      | Reached XP level 1. HP: 19/19 MP: 0/0
    87 | D:1      | Reached skill level 4 in Axes
   322 | D:1      | Reached XP level 2. HP: 26/26 MP: 1/1
   664 | D:1      | Reached skill level 5 in Axes
   702 | D:1      | Reached XP level 3. HP: 31/31 MP: 2/2
   940 | D:2      | Noticed Robin
   951 | D:2      | Killed Robin
   951 | D:2      | Reached ** piety under Trog
  1017 | D:2      | Reached skill level 6 in Axes
  1017 | D:2      | Reached XP level 4. HP: 34/39 MP: 3/3
  1214 | D:2      | Noticed Jessica
  1217 | D:2      | Killed Jessica
  1696 | D:3      | Reached skill level 7 in Axes
  1696 | D:3      | Reached XP level 5. HP: 32/45 MP: 4/4
  1916 | D:3      | Reached skill level 8 in Axes
  1946 | D:3      | Reached XP level 6. HP: 46/51 MP: 5/5
  1951 | D:3      | Reached *** piety under Trog
  2227 | D:3      | Found a basalt altar of Yredelemnul.
  2568 | D:4      | Reached skill level 9 in Axes
  2569 | D:4      | Noticed a hippogriff
  2573 | D:5      | Entered Level 5 of the Dungeon
  2992 | D:5      | Noticed Pikel
  2992 | D:5      | Noticed a slave
  2992 | D:5      | Noticed a slave
  2992 | D:5      | Noticed a slave
  3004 | D:5      | Killed Pikel
  3004 | D:5      | Reached skill level 11 in Axes
  3004 | D:5      | Reached XP level 7. HP: 46/57 MP: 6/6
  3206 | D:4      | Killed a hippogriff
  3206 | D:4      | Reached XP level 8. HP: 64/64 MP: 7/7
  4252 | D:5      | Found a staircase to the Ecumenical Temple.
  4343 | D:5      | Reached skill level 12 in Axes
  4374 | D:5      | Identified the Collected Works on Air and Malediction
  5137 | D:6      | Reached **** piety under Trog
  5151 | D:6      | Reached skill level 13 in Axes
  5236 | D:6      | Found Lavuewni's Assorted Antiques.
  5260 | D:6      | Found a snail-covered altar of Cheibriados.
  5260 | D:6      | Found an ancient bone altar of Kikubaaqudgha.
  5264 | D:6      | Found a stormy altar of Qazlal.
  5264 | D:6      | Found an iron altar of Okawaru.
  5266 | D:6      | Found a radiant altar of Vehumet.
  5266 | D:6      | Found a sacrificial altar of Ru.
  5266 | D:6      | Found a sparkling altar of Nemelex Xobeh.
  5266 | D:6      | Found a shattered altar of Ashenzari.
  5333 | D:6      | Reached XP level 9. HP: 34/70 MP: 8/8
  5626 | D:7      | Reached skill level 14 in Axes
  5632 | D:7      | Noticed Peterchen's ghost (novice MiBe)
  5646 | D:7      | Killed Peterchen's ghost
  5687 | D:7      | Found a glowing golden altar of the Shining One.
  5972 | D:7      | Reached skill level 15 in Axes
  6196 | D:7      | Found an ornate altar of the Wu Jian Council.
  6284 | D:7      | Found a runed door.
  6288 | D:7      | Noticed Crazy Yiuf
  6291 | D:7      | Killed Crazy Yiuf
  6410 | D:8      | Noticed a two-headed ogre
  6423 | D:8      | Killed a two-headed ogre
  6423 | D:8      | Reached skill level 16 in Axes
  6506 | D:8      | Reached XP level 10. HP: 53/77 MP: 9/9
  6803 | D:8      | Found a hide-covered altar of Uskayaw.
  7053 | D:8      | Noticed Joseph
  7081 | D:8      | Killed Joseph
  7081 | D:8      | Reached ***** piety under Trog
  7081 | D:8      | Reached skill level 17 in Axes
  7654 | D:9      | Found a staircase to the Lair.
  7969 | D:9      | Found a staircase to the Orcish Mines.
  8313 | D:10     | Entered Level 10 of the Dungeon
  8407 | D:10     | Reached skill level 18 in Axes
  8508 | D:10     | Identified a scroll of acquirement
  8584 | D:10     | Noticed a two-headed ogre
  8604 | D:10     | Killed a two-headed ogre
  8650 | D:10     | Found a runed door.
  8650 | D:10     | Noticed a gargoyle
  8655 | D:10     | Killed a gargoyle
  8731 | D:10     | Reached XP level 11. HP: 73/82 MP: 10/10
  9089 | D:10     | Received a gift from Trog
  9104 | D:10     | Got a pair of slimy boots
  9115 | D:10     | Identified the -5 pair of boots of the Meadowlark {+Fly} (You acquired it on level 10 of the Dungeon)
  9237 | D:10     | Reached skill level 19 in Axes
  9302 | D:10     | Found a portal to a secret trove of treasure.
  9393 | D:10     | You fall through a shaft for 2 floors!
  9863 | D:10     | Noticed a deep elf archer
  9868 | D:10     | Noticed a yaktaur captain
  9878 | D:10     | Shot with a bolt by a yaktaur captain

Vault maps used:
D:1:      minmay_arrival_widening_spiral_wide, hangedman_decor_lopped
D:2:      first_ration, uniq_jessica, uniq_robin
D:3:      marbit_many_paths
D:4:      minmay_cupped
D:5:      minmay_temple_entry_from_below_b, uniq_pikel
D:6:      grunt_temple_overflow_open, serial_shops, shop
D:7:      overflow_temple_1_default, lemuel_crystal_altar, grunt_ministairs_6,
          uniq_crazy_yiuf_cottage
D:8:      kennysheep_little_box, grunt_ogre_cave, uniq_joseph
D:9:      erik_lair_orcish_takeover, orc_0_dummy
D:10:     kennysheep_ambush_hall, nicolae_trove_entry_columns, minivault_13
D:11:     kennysheep_blocky_room, serial_glass, glass_columns_b,
          glass_columns_a, due_unseen_surprise, feat_on_display,
          minmay_strange_pillars, item_on_display_a, uniq_snorg
D:12:     uniq_fannar

Skill      XL: |  1  2  3  4  5  6  7  8  9 10 11 |
---------------+----------------------------------+-----
Axes           | 4 5 6 7 8 11 13 16 18 19 | 19.3
Fighting       | |  3.6
Armour         | |  2.4
Dodging        | |  2.1

Action                   |  1- 3 |  4- 6 |  7- 9 | 10-12 || total
-------------------------+-------+-------+-------+-------++-------
Melee: Hand axe          |    69 |   141 |    28 |       ||   238
       Headbutt          |    12 |    27 |    35 |    61 ||   135
       War axe           |       |       |   155 |   250 ||   405
       Battleaxe         |       |       |       |    59 ||    59
Throw: Javelin           |       |       |     3 |       ||     3
Invok: Berserk           |       |     3 |     7 |     9 ||    19
  Use: Scroll            |       |       |     8 |     6 ||    14
  Eat: Chunk             |       |     5 |    18 |    18 ||    41
       Ration            |       |     1 |       |       ||     1
Armor: Animal skin       |    10 |       |       |       ||    10
       Ring mail         |     9 |       |       |       ||     9
       Scale mail        |       |    46 |     4 |       ||    50
       Chain mail        |       |       |    47 |   118 ||   165
Dodge: Dodged            |    38 |    45 |    16 |    44 ||   143
Block: Large shield      |       |       |    77 |   127 ||   204

Table legend:
 A = Spawn XP
 B = Non-spawn XP
 C = Spawn XP percentage of total XP
 D = Spawn monster count
 E = Non-spawn monster count
 F = Spawn count percentage of total count
 G = Total turns spent on level
                    A         B        C        D         E        F      G
               +---------+---------+-------+---------+---------+-------+---------
         Total |       0 |   13519 |   0.0 |       0 |     265 |   0.0 |  9878
               +---------+---------+-------+---------+---------+-------+---------
           D:1 |       0 |      47 |   0.0 |       0 |      25 |   0.0 |   917
           D:2 |       0 |     119 |   0.0 |       0 |      29 |   0.0 |   603
           D:3 |       0 |     310 |   0.0 |       0 |      32 |   0.0 |  1025
           D:4 |       0 |     476 |   0.0 |       0 |      20 |   0.0 |  1026
           D:5 |       0 |     825 |   0.0 |       0 |      11 |   0.0 |  1130
           D:6 |       0 |    1130 |   0.0 |       0 |      24 |   0.0 |   919
           D:7 |       0 |    1636 |   0.0 |       0 |      19 |   0.0 |   765
           D:8 |       0 |    2535 |   0.0 |       0 |      20 |   0.0 |  1124
           D:9 |       0 |    1428 |   0.0 |       0 |      23 |   0.0 |   804
          D:10 |       0 |    3813 |   0.0 |       0 |      43 |   0.0 |  1227
          D:11 |       0 |     700 |   0.0 |       0 |       6 |   0.0 |   220
          D:12 |       0 |     500 |   0.0 |       0 |      13 |   0.0 |   118
               +---------+---------+-------+---------+---------+-------+---------
